[Event "Titled Tuesday Blitz March 22 Early 2022"]
[White "Heinemann, Josefine"]
[Black "Horcajuelo Rocamora, Martin"]
[WhiteFideId "12900460"]
[BlackFideId "24573027"]
[WhiteElo "2300"]
[BlackElo "1706"]
[Result "1-0"]
[Round "06"]
[TimeControl "180+1"]
[Date "2022.03.22"]
[WhiteClock "0:00:18"]
[BlackClock "0:00:10"]

1. Nf3 Nf6 2. d4 g6 3. c4 Bg7 4. g3 O-O 5. Bg2 d6 6. O-O c6 7. Nc3 Bf5 8. Ng5 h6 9. e4 Bg4 10. Nf3 Nbd7 11. h3 Bxf3 12. Bxf3 e5 13. dxe5 Nxe5 14. Be2 Qd7 15. Kg2 Qe7 16. Qc2 Rae8 17. Bf4 Nfd7 18. Rad1 Qe6 19. b3 a5 20. Rd2 Nc5 21. Rfd1 Rd8 22. Be3 Na6 23. f4 Nd7 24. a3 Nf6 25. Bf3 Rfe8 26. e5 Nh7 27. Rxd6 Rxd6 28. Rxd6 Qe7 29. Qd3 Nf8 30. Ne4 h5 31. Nc5 Nxc5 32. Bxc5 Ne6 33. Be3 Qc7 34. Rd7 Qc8 35. b4 axb4 36. axb4 Bf8 37. c5 Rd8 38. Rxd8 Qxd8 39. Qxd8 Nxd8 40. g4 hxg4 41. hxg4 Be7 42. f5 gxf5 43. gxf5 Bh4 44. Kf1 Kf8 45. Ke2 Ke7 46. Kd3 Bg3 47. Ke4 Be1 48. b5 cxb5 49. Bg5+ Ke8 50. Bh5 Nc6 51. e6 Bb4 52. exf7+ 1-0


[Site "https://www.chess.com"]

[Event "Titled Tuesday Blitz March 22 Early 2022"]
[White "Hirneise, Jens"]
[Black "Golubev, Mikhail"]
[WhiteFideId "24614734"]
[BlackFideId "14100983"]
[WhiteElo "2359"]
[BlackElo "2374"]
[Result "0-1"]
[Round "06"]
[TimeControl "180+1"]
[Date "2022.03.22"]
[WhiteClock "0:00:08"]
[BlackClock "0:00:31"]

1. c4 g6 2. Nc3 Bg7 3. g3 e5 4. Bg2 d6 5. d3 Nc6 6. Rb1 f5 7. e3 Nf6 8. Nge2 a5 9. a3 O-O 10. h3 Ne7 11. b4 axb4 12. axb4 c6 13. b5 Be6 14. O-O g5 15. bxc6 bxc6 16. Bb2 h5 17. f4 gxf4 18. gxf4 Rb8 19. Na4 e4 20. dxe4 fxe4 21. Bxf6 Bxf6 22. Bxe4 Bxh3 23. Rf2 Rf7 24. Kh1 Rg7 25. Rh2 Bg4 26. c5 d5 27. Rxb8 Qxb8 28. Bg2 Qb4 29. e4 dxe4 0-1


[Site "https://www.chess.com"]

[Event "Titled Tuesday Blitz March 22 Early 2022"]
[White "Hoeffer, David"]
[Black "Chen, Qi b"]
[WhiteFideId "24606766"]
[BlackFideId "8614733"]
[WhiteElo "2301"]
[BlackElo "2432"]
[Result "1-0"]
[Round "06"]
[TimeControl "180+1"]
[Date "2022.03.22"]
[WhiteClock "0:00:17"]
[BlackClock "0:00:02"]

1. e4 e5 2. Nf3 Nc6 3. Bb5 a6 4. Ba4 Nf6 5. O-O Bc5 6. c3 b5 7. Bc2 d5 8. d4 dxe4 9. dxe5 Qxd1 10. Rxd1 exf3 11. exf6 gxf6 12. Be4 Bb7 13. Bxf3 O-O 14. Bf4 Rad8 15. Nd2 Bb6 16. Bh6 Rfe8 17. Ne4 Rxd1+ 18. Rxd1 Re6 19. Ng3 Bc5 20. Nf5 Bf8 21. Bf4 Bc8 22. Bxc7 Ne5 23. Bd5 Re8 24. Ne3 Re7 25. Bb6 Rd7 26. h3 Ng6 27. Bb3 Nf4 28. Rxd7 Bxd7 29. Kf1 Nd3 30. Nd1 Bh6 31. Bc2 Nc1 32. a3 Be6 33. Ne3 Nb3 34. Ke2 Kf8 35. h4 Kg7 36. g3 Nc1+ 37. Kd1 Nb3 38. f4 Na1 39. Bd3 Ba2 40. Kc1 Kf8 41. Bc2 Nb3+ 42. Bxb3 Bxb3 43. Kd2 Kg8 44. Nf5 Bf8 45. Bd8 1-0


[Site "https://www.chess.com"]

[Event "Titled Tuesday Blitz March 22 Early 2022"]
[White "Hoffmann, Asa"]
[Black "Bashirli, Saadat"]
[WhiteFideId "2001470"]
[BlackFideId "13429990"]
[WhiteElo "2117"]
[BlackElo "1173"]
[Result "1-0"]
[Round "06"]
[TimeControl "180+1"]
[Date "2022.03.22"]
[WhiteClock "0:01:50"]
[BlackClock "0:00:25"]

1. d4 d5 2. Bg5 Nf6 3. Nd2 Bf5 4. e3 e6 5. Ngf3 c6 6. c4 Nbd7 7. Qb3 Qb6 8. c5 Qxb3 9. axb3 Ne4 10. Nxe4 Bxe4 11. b4 f6 12. Bh4 g5 13. Bg3 h5 14. Nd2 h4 15. Bd6 Bxd6 16. cxd6 Nb6 17. Nxe4 dxe4 18. b5 Kd7 19. bxc6+ Kxc6 20. Kd2 Kxd6 21. Ra5 a6 22. b3 Rac8 23. Be2 Rc6 24. b4 Rhc8 25. Rc5 Nd5 26. Rb1 Rxc5 27. bxc5+ Kc6 28. Bc4 Rc7 29. Bxd5+ Kxd5 30. Rb6 Re7 31. Kc3 Rd7 32. f3 exf3 33. gxf3 f5 34. Kd3 e5 35. e4+ fxe4+ 36. fxe4# 1-0


[Site "https://www.chess.com"]

[Event "Titled Tuesday Blitz March 22 Early 2022"]
[White "Hua, Lefong"]
[Black "Reprintsev, Alexander"]
[WhiteFideId "2602253"]
[BlackFideId "14100541"]
[WhiteElo "2587"]
[BlackElo "2108"]
[Result "0-1"]
[Round "06"]
[TimeControl "180+1"]
[Date "2022.03.22"]
[WhiteClock "0:00:38"]
[BlackClock "0:01:20"]

1. d4 d5 2. c4 e5 3. e3 exd4 4. Qxd4 Nf6 5. cxd5 Qxd5 6. Qxd5 Nxd5 7. a3 Bg4 8. Nf3 Bxf3 9. gxf3 Nc6 10. Bc4 Nb6 11. Bb5 O-O-O 12. Bxc6 bxc6 13. Nc3 Be7 14. Ke2 Bf6 15. Ne4 Be5 16. f4 Bd6 17. Nxd6+ cxd6 18. Bd2 g6 19. Rac1 Kd7 20. Rhd1 Rhe8 21. Kf3 Re6 22. Rc2 Rc8 23. Ba5 Nd5 24. e4 Nf6 25. e5 Nd5 26. exd6 Rxd6 27. Bc3 Nxc3 28. Rxd6+ Kxd6 29. Rxc3 c5 30. Rd3+ Kc6 31. f5 Rb8 32. fxg6 hxg6 33. b3 Rh8 34. Kg3 Rh5 35. h4 a5 36. a4 Rd5 37. Re3 Rd4 38. f3 Rb4 39. Re7 Rxb3 40. Rxf7 c4 41. Rf6+ Kd5 42. Kf2 Rb2+ 43. Ke3 Rg2 44. Rb6 c3 45. Kd3 c2 46. Rb5+ Kc6 47. Rb8 Kc7 0-1


[Site "https://www.chess.com"]

[Event "Titled Tuesday Blitz March 22 Early 2022"]
[White "Jaferian, Koosha"]
[Black "Guseva, Marina"]
[WhiteFideId "12507440"]
[BlackFideId "4149351"]
[WhiteElo "2030"]
[BlackElo "2160"]
[Result "0-1"]
[Round "06"]
[TimeControl "180+1"]
[Date "2022.03.22"]
[WhiteClock "0:00:02"]
[BlackClock "0:00:15"]

1. Nf3 d5 2. b3 c6 3. Bb2 Bf5 4. g3 e6 5. Bg2 Nd7 6. O-O Ngf6 7. d3 h6 8. Nbd2 Be7 9. e3 O-O 10. Qe2 Bh7 11. Ne1 e5 12. e4 dxe4 13. dxe4 Bc5 14. Nd3 Bd4 15. c3 Bb6 16. Nc4 Bc7 17. Ba3 b5 18. Nd6 Qb8 19. Nf5 Re8 20. Qf3 Bxf5 21. Qxf5 Bd6 22. Bb2 a5 23. Rad1 a4 24. b4 Nb6 25. Bc1 Qc8 26. Qf3 Qe6 27. a3 Nc4 28. Ne1 Bc7 29. Nc2 Bb6 30. h3 Rad8 31. Kh2 Qe7 32. g4 Nh7 33. Ne3 Bxe3 34. fxe3 Rxd1 35. Rxd1 Rd8 36. Bf1 Ng5 37. Rxd8+ Qxd8 38. Qg2 Qd1 39. Bxc4 bxc4 40. Bb2 Nf3+ 41. Kg3 Nd2 42. g5 hxg5 43. h4 gxh4+ 44. Kxh4 Qc2 45. Qg4 Qxe4 0-1


[Site "https://www.chess.com"]

[Event "Titled Tuesday Blitz March 22 Early 2022"]
[White "Janaszak, Dawid"]
[Black "Yeletsky, Ivan"]
[WhiteFideId "1119206"]
[BlackFideId "24180327"]
[WhiteElo "2199"]
[BlackElo "2303"]
[Result "0-1"]
[Round "06"]
[TimeControl "180+1"]
[Date "2022.03.22"]
[WhiteClock "0:00:10"]
[BlackClock "0:00:45"]

1. e4 d6 2. Nc3 g6 3. d4 Bg7 4. Bf4 Nc6 5. Bb5 a6 6. Bxc6+ bxc6 7. Nge2 f6 8. O-O e5 9. Be3 Nh6 10. h3 Rb8 11. Rb1 O-O 12. Qd2 Nf7 13. f4 f5 14. dxe5 dxe5 15. Qxd8 Rxd8 16. b3 Re8 17. fxe5 Bxe5 18. Bf4 Bg7 19. Bxc7 Rb7 20. Bf4 fxe4 21. Na4 h5 22. Rbd1 Rbe7 23. c4 e3 24. Nc5 g5 25. Bh2 g4 26. h4 g3 27. Bxg3 Bg4 28. Rfe1 Nh6 29. Rd6 Nf5 30. Rxc6 Bxe2 31. Rxe2 Nxg3 32. Re1 Bc3 33. Rg6+ Kh7 34. Rxg3 Bxe1 35. Rg5 e2 0-1


[Site "https://www.chess.com"]

[Event "Titled Tuesday Blitz March 22 Early 2022"]
[White "Jaracz, Pawel"]
[Black "Sjugirov, Sanan"]
[WhiteFideId "1102222"]
[BlackFideId "4189302"]
[WhiteElo "2429"]
[BlackElo "2602"]
[Result "0-1"]
[Round "06"]
[TimeControl "180+1"]
[Date "2022.03.22"]
[WhiteClock "0:00:15"]
[BlackClock "0:00:46"]

1. e4 e6 2. d4 d5 3. Nd2 c5 4. Ngf3 cxd4 5. exd5 Qxd5 6. Bc4 Qd8 7. O-O Nf6 8. Nb3 Nc6 9. Nbxd4 Nxd4 10. Qxd4 Qxd4 11. Nxd4 a6 12. Be2 e5 13. Nf3 e4 14. Nd4 Bc5 15. Nb3 Bb6 16. Be3 Bxe3 17. fxe3 Nd5 18. Kf2 Ke7 19. Rfd1 Be6 20. Nc5 Rac8 21. Nxe4 Rxc2 22. Rd2 Rxd2 23. Nxd2 Rc8 24. e4 Nf4 25. Bd1 Nd3+ 26. Ke3 Nxb2 27. Bb3 Rc3+ 28. Ke2 Nd3 29. Rb1 b5 30. Bxe6 Kxe6 31. a4 Nf4+ 32. Kd1 Nxg2 33. axb5 axb5 34. Rxb5 g6 35. Ke2 Nf4+ 36. Kf2 Nd3+ 37. Ke2 Ne5 38. Rb6+ Ke7 39. Rb5 Kf6 40. h4 Rh3 41. Rb6+ Kg7 42. Rb5 f6 0-1


[Site "https://www.chess.com"]

[Event "Titled Tuesday Blitz March 22 Early 2022"]
[White "Karas, Marek"]
[Black "Skliarov, Viktor"]
[WhiteFideId "14928558"]
[BlackFideId "14106736"]
[WhiteElo "2271"]
[BlackElo "2229"]
[Result "1-0"]
[Round "06"]
[TimeControl "180+1"]
[Date "2022.03.22"]
[WhiteClock "0:00:44"]
[BlackClock "0:00:19"]

1. d4 Nf6 2. Nf3 g6 3. Bg5 Bg7 4. Nbd2 d5 5. e3 O-O 6. Bd3 c5 7. c3 Nc6 8. O-O b6 9. Qe2 Qc7 10. Bf4 Qd8 11. Ne5 Nxe5 12. Bxe5 Bb7 13. a4 Nd7 14. Bxg7 Kxg7 15. f4 f5 16. Nf3 Qc7 17. Bb5 Nf6 18. Ne5 a6 19. Bd3 c4 20. Bc2 b5 21. axb5 axb5 22. g4 e6 23. gxf5 exf5 24. Qg2 Ne4 25. Bxe4 dxe4 26. h4 Rxa1 27. Rxa1 Ra8 28. Rxa8 Bxa8 29. h5 Qd6 30. Qg5 Bd5 31. Kf2 b4 32. Kg3 bxc3 33. bxc3 Bf7 34. Qh6+ Kg8 35. Nxf7 Kxf7 36. Qxh7+ Kf8 37. Qxg6 Qxg6+ 38. hxg6 Kg7 39. Kh4 Kxg6 40. d5 Kf6 41. Kh5 Ke7 42. Kg5 Kd6 43. Kxf5 Kxd5 44. Kg4 1-0


[Site "https://www.chess.com"]

[Event "Titled Tuesday Blitz March 22 Early 2022"]
[White "Kashefi, Amir Hosein"]
[Black "Ismayil, Malak"]
[WhiteFideId "12557935"]
[BlackFideId "13412604"]
[WhiteElo "2107"]
[BlackElo "1879"]
[Result "1/2-1/2"]
[Round "06"]
[TimeControl "180+1"]
[Date "2022.03.22"]
[WhiteClock "0:00:02"]
[BlackClock "0:00:21"]

1. d4 Nf6 2. Nf3 e6 3. g3 d6 4. Bg2 Be7 5. O-O O-O 6. b3 Nc6 7. Bb2 Re8 8. Nbd2 Bf8 9. e4 e5 10. dxe5 dxe5 11. Qe2 Bg4 12. h3 Bxf3 13. Nxf3 Bc5 14. Rfd1 Qe7 15. a3 a6 16. b4 Bb6 17. Rd3 Rad8 18. Rad1 Rxd3 19. Rxd3 Nh5 20. Kh2 g6 21. c4 f6 22. c5 Ba7 23. Qd1 Nb8 24. Nh4 b6 25. Nf5 Qf8 26. Bf3 Ng7 27. Nxg7 Kxg7 28. cxb6 Bxb6 29. Kg2 Nc6 30. Bg4 Nd4 31. Bxd4 Bxd4 32. Qc2 Qd6 33. Qc4 h5 34. Bd1 Re7 35. Bb3 Qd8 36. Rf3 Qa8 37. Qd5 Qxd5 38. Bxd5 c5 39. bxc5 Bxc5 40. a4 Bd4 41. Rb3 Rc7 42. Rb8 Rc2 43. Rb7+ Kh6 44. g4 hxg4 45. hxg4 Rxf2+ 46. Kg3 Kg5 47. Rg7 Kh6 48. Rg8 Rc2 49. Bf7 Rc3+ 50. Kg2 Kg5 51. Rxg6+ Kf4 52. Rxf6+ Kxe4 53. Bg6+ Kd5 54. Rxa6 e4 55. Ra5+ Bc5 56. Ra8 e3 57. Rd8+ Kc4 58. Kf3 Rc1 59. Bf7+ Kb4 60. Ke2 Rc2+ 61. Kf3 Rf2+ 62. Kg3 Rxf7 63. g5 e2 64. Re8 Re7 65. Rxe7 Bxe7 66. Kf2 e1=Q+ 67. Kxe1 Bxg5 68. Kf2 Kxa4 1/2-1/2


[Site "https://www.chess.com"]

[Event "Titled Tuesday Blitz March 22 Early 2022"]
[White "Kett, Tim"]
[Black "Migot, Tangi"]
[WhiteFideId "1801210"]
[BlackFideId "662445"]
[WhiteElo "2098"]
[BlackElo "2501"]
[Result "0-1"]
[Round "06"]
[TimeControl "180+1"]
[Date "2022.03.22"]
[WhiteClock "0:00:03"]
[BlackClock "0:01:08"]

1. e4 c5 2. Nf3 e6 3. d4 cxd4 4. Nxd4 a6 5. Bd3 Qc7 6. O-O b6 7. f4 Bb7 8. Nc3 Bc5 9. Be3 Nc6 10. Nce2 Nge7 11. Kh1 d5 12. e5 Nxd4 13. Bxd4 g6 14. c3 h5 15. b4 Bxd4 16. cxd4 Bc6 17. Rc1 Qd7 18. h3 h4 19. Qc2 Bb5 20. Ng1 Bxd3 21. Qxd3 Nf5 22. Rf2 O-O 23. Nf3 Qa4 24. a3 Rfc8 25. Rfc2 Rxc2 26. Rxc2 b5 27. Kh2 a5 28. bxa5 Qxa5 29. Rc5 Qxa3 30. Qc2 Qe3 31. Rc8+ Rxc8 32. Qxc8+ Kg7 33. Qd8 Qxf4+ 34. Kh1 Ng3+ 35. Kg1 Qc1+ 36. Kf2 Qf1+ 37. Ke3 Qe2+ 38. Kf4 Qe4+ 39. Kg5 Qf5+ 40. Kxh4 Ne4 41. Qe8 Qh5# 0-1


[Site "https://www.chess.com"]

[Event "Titled Tuesday Blitz March 22 Early 2022"]
[White "Khamdamova, Afruza"]
[Black "Harish, Neeraj"]
[WhiteFideId "14210444"]
[BlackFideId "30958130"]
[WhiteElo "1660"]
[BlackElo "1574"]
[Result "1-0"]
[Round "06"]
[TimeControl "180+1"]
[Date "2022.03.22"]
[WhiteClock "0:00:47"]
[BlackClock "0:00:55"]

1. e4 c5 2. Nf3 Nc6 3. d4 cxd4 4. Nxd4 Nf6 5. Nc3 e5 6. Ndb5 d6 7. Nd5 Nxd5 8. exd5 Nb8 9. c4 Be7 10. Bd3 O-O 11. O-O Nd7 12. Be3 a6 13. Nc3 f5 14. f3 Bf6 15. Bxf5 Bg5 16. Be6+ Kh8 17. Bxg5 Qxg5 18. Ne4 Qe3+ 19. Kh1 Nc5 20. Re1 Qh6 21. Nxc5 dxc5 22. Rxe5 Bxe6 23. Rxe6 Qf4 24. Qe2 Qd4 25. Rd1 Qf4 26. Re7 Rf7 27. Re1 Rxe7 28. Qxe7 Rg8 29. d6 Qxc4 30. d7 Qd3 31. h3 h6 32. Qe8 Qd2 33. Qxg8+ Kxg8 34. Re8+ Kh7 35. d8=Q Qc1+ 36. Kh2 Qf4+ 37. Kg1 Qc1+ 38. Kf2 Qxb2+ 39. Re2 1-0


[Site "https://www.chess.com"]

[Event "Titled Tuesday Blitz March 22 Early 2022"]
[White "Khamzin, Olzhas"]
[Black "Molina, Roberto Junio Brito"]
[WhiteFideId "13701690"]
[BlackFideId "2109450"]
[WhiteElo "2194"]
[BlackElo "2432"]
[Result "1/2-1/2"]
[Round "06"]
[TimeControl "180+1"]
[Date "2022.03.22"]
[WhiteClock "0:00:25"]
[BlackClock "0:00:15"]

1. d4 c6 2. Nc3 d5 3. Bg5 Qb6 4. Na4 Qa5+ 5. c3 Nd7 6. Nf3 b5 7. Nc5 Nxc5 8. dxc5 Qc7 9. Bh4 e5 10. Bg3 f6 11. b4 Ne7 12. h3 Ng6 13. a4 bxa4 14. Qxa4 Be7 15. e3 O-O 16. Bd3 f5 17. Bc2 f4 18. exf4 Nxf4 19. Bxf4 Rxf4 20. Qa5 Qd7 21. Bb3 Re4+ 22. Kf1 Bf6 23. Rd1 Rf4 24. b5 Bb7 25. Bxd5+ cxd5 26. c6 Qf7 27. cxb7 Qxb7 28. Qa2 Qxb5+ 29. Kg1 Rc4 30. Kh2 e4 31. Nd2 Be5+ 32. g3 Ra4 33. Qc2 Rf8 34. Rhf1 Ra3 35. c4 Qc5 36. Nb1 Raf3 37. Kg2 Qxc4 38. Qxc4 dxc4 39. Nd2 R3f7 40. Nxc4 Bc7 41. Ra1 Bb8 42. Ne3 Re8 43. Ra6 Be5 44. Rb1 Bd4 45. Re1 Ree7 46. Ra4 Bxe3 47. Rxe3 g6 48. Raxe4 Rxe4 49. Rxe4 Kg7 50. Ra4 Kf6 51. f4 Ke6 52. Kf3 Kd6 53. Ke4 Kc5 54. g4 Re7+ 55. Kf3 Kb5 56. Ra1 a5 57. f5 gxf5 58. gxf5 a4 59. Kf4 Kb4 60. f6 Re2 61. Kf5 Rf2+ 62. Ke6 a3 63. Kf7 Re2 64. Kf8 Rf2 65. f7 Kb3 66. Rxa3+ Kxa3 67. Kg7 Rg2+ 68. Kxh7 Rf2 69. Kg7 Rg2+ 70. Kh7 Rf2 71. Kg7 Rg2+ 72. Kh7 1/2-1/2


[Site "https://www.chess.com"]

[Event "Titled Tuesday Blitz March 22 Early 2022"]
[White "Khripachenko, Alexander"]
[Black "Samunenkov, Ihor"]
[WhiteFideId "54184975"]
[BlackFideId "14187086"]
[WhiteElo "2177"]
[BlackElo "2409"]
[Result "1-0"]
[Round "06"]
[TimeControl "180+1"]
[Date "2022.03.22"]
[WhiteClock "0:00:49"]
[BlackClock "0:00:02"]

1. e4 c5 2. Nf3 Nc6 3. d4 cxd4 4. Nxd4 g6 5. c4 Nf6 6. Nc3 d6 7. Be2 Nxd4 8. Qxd4 Bg7 9. Be3 O-O 10. Qd2 a5 11. O-O a4 12. Rac1 Qa5 13. f3 Be6 14. Rfd1 Rfc8 15. Nb5 Qxd2 16. Bxd2 Nd7 17. Rc2 Ne5 18. Rdc1 Nc6 19. Bc3 Bh6 20. Bd2 Bxd2 21. Rxd2 g5 22. Kf2 Nb4 23. b3 axb3 24. axb3 Bd7 25. Nc3 Ra3 26. Rb2 Bc6 27. Nb1 Ra5 28. Nc3 Kg7 29. g3 Kf6 30. Rd1 Rca8 31. Ke3 Ra1 32. Rbb1 Rxb1 33. Rxb1 e6 34. Rb2 b6 35. Rd2 Ke7 36. Rb2 Ra1 37. Rb1 Rxb1 38. Nxb1 d5 39. exd5 exd5 40. Nc3 dxc4 41. Bxc4 f6 42. f4 Nc2+ 43. Kd3 Ne1+ 44. Ke2 Nc2 45. Kd3 Ne1+ 46. Ke2 Nc2 47. Bd5 Nd4+ 48. Kd3 1-0


[Site "https://www.chess.com"]

[Event "Titled Tuesday Blitz March 22 Early 2022"]
[White "Kollars, Dmitrij"]
[Black "Dreev, Aleksey"]
[WhiteFideId "12909572"]
[BlackFideId "4100107"]
[WhiteElo "2584"]
[BlackElo "2625"]
[Result "1-0"]
[Round "06"]
[TimeControl "180+1"]
[Date "2022.03.22"]
[WhiteClock "0:00:07"]
[BlackClock "0:00:04"]

1. c4 c6 2. Nf3 d5 3. d4 Nf6 4. Nc3 e6 5. e3 Nbd7 6. Qc2 b6 7. b3 Bb7 8. Be2 Bd6 9. O-O O-O 10. a4 a5 11. Bb2 Bb4 12. Na2 Bd6 13. Nc3 Bb4 14. Rad1 Qe7 15. Bd3 Rfd8 16. e4 Bxc3 17. Bxc3 dxe4 18. Bxe4 Nf8 19. Rfe1 Nxe4 20. Qxe4 c5 21. d5 f6 22. Qg4 Qf7 23. Nh4 exd5 24. Nf5 Ng6 25. Re7 Nxe7 26. Nh6+ Kf8 27. Nxf7 Kxf7 28. cxd5 Bxd5 29. Re1 Ng6 30. h4 h6 31. h5 Nf8 32. Re3 Rd7 33. Rg3 Ke8 34. Qf4 Be6 35. Kh2 Rad8 36. Re3 Kf7 37. Rg3 Ke8 38. Qe4 Kf7 39. Qc6 Rd6 40. Qb7+ R8d7 41. Qe4 Rd5 42. Qe2 R5d6 43. Re3 Bxb3 44. Bxf6 Be6 45. Be5 Rd5 46. Rf3+ Kg8 47. Rf4 Bf7 48. g4 Ne6 49. Rf5 Nd4 50. Bxd4 cxd4 51. Rxd5 Rxd5 52. Qd3 Rd7 53. Kg1 Be6 54. f3 Bf7 55. Kf2 Kf8 56. Ke1 Be6 57. Kd2 Ke7 58. Qb1 Rd6 59. Qe4 Kf7 60. Qb7+ Kf6 61. Qc7 Rd7 62. Qxb6 d3 63. Qxa5 Bd5 64. Qc3+ Ke6 65. f4 Bf3 66. Qe5+ Kf7 67. g5 hxg5 68. Qf5+ Ke7 69. Qxg5+ Kf7 70. Qg6+ Kf8 71. f5 Be4 72. Qe6 Re7 73. Qc8+ Kf7 74. Qc4+ Kf6 75. a5 Kxf5 76. a6 Re6 77. Qc5+ Re5 78. Qf8+ Ke6 79. a7 Ra5 80. Qe8+ Kf5 81. Qf7+ Ke5 82. Qxg7+ Kf5 83. Qf7+ Kg5 84. Qe7+ Kf5 85. Qd7+ Kg5 86. Qd8+ Kf5 87. Qxa5+ 1-0


[Site "https://www.chess.com"]

[Event "Titled Tuesday Blitz March 22 Early 2022"]
[White "Koridze, Lile"]
[Black "Pires, Marcos Vinicius Torsani"]
[WhiteFideId "13612514"]
[BlackFideId "2118939"]
[WhiteElo "1999"]
[BlackElo "2273"]
[Result "1-0"]
[Round "06"]
[TimeControl "180+1"]
[Date "2022.03.22"]
[WhiteClock "0:01:13"]
[BlackClock "0:00:02"]

1. d4 Nf6 2. c4 g6 3. Nc3 Bg7 4. e4 d6 5. Nf3 O-O 6. Be2 c5 7. O-O cxd4 8. Nxd4 Nc6 9. Be3 Bd7 10. f3 Nxd4 11. Bxd4 Bc6 12. Qd2 a5 13. Rad1 a4 14. b4 axb3 15. axb3 Nd7 16. b4 Bxd4+ 17. Qxd4 b6 18. Ra1 Qc7 19. Nd5 Bxd5 20. cxd5 Rfc8 21. Bb5 Ne5 22. f4 Ng4 23. Bc6 Rxa1 24. Rxa1 e5 25. Qd1 Ne3 26. Qf3 exf4 27. Qxf4 Nc4 28. Rc1 Ne5 29. Qf6 b5 30. Kh1 Qb8 31. h3 h5 32. Qe7 Nd3 33. Rf1 Ne5 34. Rf6 Rd8 35. Bxb5 Qxb5 36. Qxd8+ Kg7 37. Qxd6 Nd3 38. Qe7 Qxb4 39. Rxf7+ Kh6 40. Rh7# 1-0


[Site "https://www.chess.com"]

[Event "Titled Tuesday Blitz March 22 Early 2022"]
[White "Kornyukov, Alexey"]
[Black "Zaksaite, Salomeja"]
[WhiteFideId "4150457"]
[BlackFideId "12801496"]
[WhiteElo "2303"]
[BlackElo "1953"]
[Result "0-1"]
[Round "06"]
[TimeControl "180+1"]
[Date "2022.03.22"]
[WhiteClock "0:02:16"]
[BlackClock "0:01:08"]

1. e4 c5 2. c3 Nf6 3. e5 Nd5 4. d4 cxd4 5. cxd4 e6 6. Nf3 d6 7. exd6 Bxd6 8. Nc3 Nxc3 9. bxc3 Qc7 10. Qc2 Nd7 11. Bd3 Nf6 12. Bg5 Nd5 13. O-O Qxc3 14. Qa4+ Bd7 15. Bb5 Bxb5 16. Qxb5+ Qc6 17. Qe2 O-O 18. Rac1 Qd7 19. Ne5 Qa4 20. Qd3 h6 21. Bf4 Nxf4 22. Qe4 Bxe5 23. Qxe5 Nd3 0-1


[Site "https://www.chess.com"]

[Event "Titled Tuesday Blitz March 22 Early 2022"]
[White "Kosteniuk, Alexandra"]
[Black "Al-Tarboush, Ward"]
[WhiteFideId "4128125"]
[BlackFideId "7601450"]
[WhiteElo "2469"]
[BlackElo "2276"]
[Result "1-0"]
[Round "06"]
[TimeControl "180+1"]
[Date "2022.03.22"]
[WhiteClock "0:02:14"]
[BlackClock "0:00:05"]

1. e4 b6 2. g3 Bb7 3. Bg2 e5 4. d4 exd4 5. Ne2 c5 6. c3 dxc3 7. Nbxc3 Nc6 8. O-O Nf6 9. e5 Ng4 10. f4 c4 11. Ne4 Bc5+ 12. Nxc5 bxc5 13. Nc3 Nh6 14. f5 Qa5 15. Ne4 O-O-O 16. Nd6+ Kb8 17. Nxc4 Qc7 18. Nd6 f6 19. Nxb7 Qxb7 20. exf6 Nf7 21. Bf4+ d6 22. fxg7 Rhg8 23. Rf3 c4 24. f6 Nfe5 25. Bxe5 dxe5 26. Qe1 Qb6+ 27. Qf2 Qxf2+ 28. Rxf2 1-0


[Site "https://www.chess.com"]

[Event "Titled Tuesday Blitz March 22 Early 2022"]
[White "Kotepalli, Sai Nirupama"]
[Black "Estrada Nieto, Julian"]
[WhiteFideId "5039444"]
[BlackFideId "5101018"]
[WhiteElo "2391"]
[BlackElo "2246"]
[Result "0-1"]
[Round "06"]
[TimeControl "180+1"]
[Date "2022.03.22"]
[WhiteClock "0:00:56"]
[BlackClock "0:01:06"]

1. e4 e5 2. d3 Nc6 3. Nf3 Nf6 4. g3 Bc5 5. Bg2 d5 6. exd5 Nxd5 7. O-O O-O 8. Nbd2 Bg4 9. h3 Bh5 10. Nc4 f6 11. Ne3 Nxe3 12. Bxe3 Bb6 13. Qd2 Qd7 14. Nh4 Rad8 15. g4 Bf7 16. Nf5 Bd5 17. a4 Bxg2 18. Kxg2 Ne7 19. Nxe7+ Qxe7 20. a5 Bd4 21. c3 Bc5 22. b4 Bxe3 23. Qxe3 a6 24. d4 Rfe8 25. Rae1 Qd7 26. dxe5 Rxe5 27. Qf3 Qd5 28. Rd1 Qxf3+ 29. Kxf3 Red5 30. Rxd5 Rxd5 31. Ke3 Kf7 32. h4 h5 33. f3 Ke6 34. Re1 Re5+ 35. Kf2 Rxe1 36. Kxe1 hxg4 37. fxg4 Ke5 0-1


[Site "https://www.chess.com"]

[Event "Titled Tuesday Blitz March 22 Early 2022"]
[White "Krysa, Leandro"]
[Black "Gatterer, Florian"]
[WhiteFideId "116807"]
[BlackFideId "811688"]
[WhiteElo "2490"]
[BlackElo "2218"]
[Result "1-0"]
[Round "06"]
[TimeControl "180+1"]
[Date "2022.03.22"]
[WhiteClock "0:00:11"]
[BlackClock "0:01:09"]

1. e4 e5 2. Nf3 Nc6 3. Nc3 Nf6 4. a4 Bc5 5. Nxe5 Nxe5 6. d4 Bb4 7. dxe5 Nxe4 8. Qg4 d5 9. Qxg7 Rf8 10. Bh6 Nxc3 11. bxc3 Bxc3+ 12. Kd1 Bb4 13. Bd3 Be6 14. Rb1 Be7 15. Rxb7 Qc8 16. Ba6 Rb8 17. Bb5+ Bd7 18. Bxd7+ Kxd7 19. Qg4+ Kc6 20. Qxc8 Rfxc8 21. Rxb8 Rxb8 22. Ke2 Rb4 23. Ra1 Re4+ 24. Kd3 Rxe5 25. Be3 a6 26. Rb1 Re4 27. Bd4 Bc5 28. c3 Bxd4 29. cxd4 Rf4 30. f3 Rf6 31. Rb8 Rh6 32. h3 Rg6 33. g4 Rf6 34. Ke3 Rh6 35. Rf8 Rf6 36. g5 Rf5 37. f4 Kd7 38. h4 c5 39. dxc5 Ke7 40. Ra8 d4+ 41. Kxd4 Rxf4+ 42. Ke5 Rxa4 43. Ra7+ Kf8 44. c6 Kg7 45. c7 Rc4 46. Kd6 a5 47. Ra8 a4 48. c8=Q Rxc8 49. Rxc8 Kg6 50. Ra8 f6 51. Rxa4 fxg5 52. hxg5 Kxg5 53. Ke5 h5 54. Ra8 Kg4 55. Ke4 Kg3 56. Ke3 h4 57. Rg8+ Kh2 58. Kf2 h3 59. Rh8 Kh1 60. Rxh3# 1-0


[Site "https://www.chess.com"]

[Event "Titled Tuesday Blitz March 22 Early 2022"]
[White "Krzywda, Andrzej"]
[Black "Demin, Vladimir"]
[WhiteFideId "1114565"]
[BlackFideId "4167457"]
[WhiteElo "2098"]
[BlackElo "2528"]
[Result "1-0"]
[Round "06"]
[TimeControl "180+1"]
[Date "2022.03.22"]
[WhiteClock "0:00:05"]
[BlackClock "0:00:01"]

1. e4 Nf6 2. e5 Nd5 3. d4 d6 4. Nf3 dxe5 5. Nxe5 g6 6. Bc4 Be6 7. c3 Bg7 8. Qb3 Bxe5 9. dxe5 Nc6 10. Qxb7 Nxe5 11. Bb5+ Kf8 12. Bh6+ Kg8 13. O-O Rb8 14. Qa6 c6 15. Ba4 Qd6 16. Qe2 Ng4 17. g3 Nxh6 18. Nd2 Rxb2 19. Qd3 Nb6 20. Qa6 Rxd2 21. Rad1 Kg7 22. Rxd2 Qxd2 23. Bxc6 Nc4 24. Bf3 Ne5 25. Bg2 Rd8 26. Qa5 Nd3 27. Qxd8 Nf5 28. Be4 Nd6 29. Bxd3 Qxd3 30. Qxe7 Nf5 31. Qb4 Bc4 32. Re1 h5 33. Qc5 h4 34. Qe5+ Kh7 35. Qf6 1-0


[Site "https://www.chess.com"]

[Event "Titled Tuesday Blitz March 22 Early 2022"]
[White "Kubicka, Anna"]
[Black "Batsiashvili, Nino"]
[WhiteFideId "1152254"]
[BlackFideId "13602993"]
[WhiteElo "2000"]
[BlackElo "2192"]
[Result "0-1"]
[Round "06"]
[TimeControl "180+1"]
[Date "2022.03.22"]
[WhiteClock "0:00:16"]
[BlackClock "0:00:12"]

1. e4 e5 2. Nf3 Nc6 3. Bc4 Nf6 4. d3 Bc5 5. c3 d6 6. O-O O-O 7. h3 a6 8. a4 Ba7 9. Bg5 h6 10. Bh4 g5 11. Nxg5 hxg5 12. Bxg5 Kg7 13. Nd2 Qe8 14. Kh1 Nh7 15. Qh5 f6 16. Bh6+ Kh8 17. Qh4 Rg8 18. Bxg8 Qxg8 19. f4 Be6 20. fxe5 Nxe5 21. Rxf6 Nxf6 22. Qxf6+ Kh7 23. Bf4 Qg6 24. Qh4+ Kg7 25. Rf1 Nf7 26. d4 Rh8 27. Qf2 c6 28. Nf3 Bb8 29. Nh4 Qh5 30. Bg3 Rh6 31. Nf5+ Bxf5 32. exf5 Rf6 33. Bh4 Ng5 34. Qg3 Kh6 35. Re1 Rxf5 36. Re8 Qxe8 37. Bxg5+ Rxg5 38. Qh4+ Kg6 39. Qf4 d5 0-1


[Site "https://www.chess.com"]